 Dungeon Crawl Stone Soup version 0.16.2-12-gd0ad4c3 (webtiles) character file.

320 Iskender the Poker (level 6, -1/43 HPs)
             Began as a Mummy Wanderer on Sept 17, 2015.
             Slain by an ogre
             ... wielding a +0 giant club
              (15 damage)
             ... on level 4 of the Dungeon.
             The game lasted 00:22:12 (3570 turns).

Iskender the Poker (Mummy Wanderer)                 Turns: 3570, Time: 00:22:12

Health: -1/43      AC:  9    Str: 18    XL:     6   Next: 22%
Magic:  6/6        EV:  9    Int:  9    God:
Gold:   133        SH:  0    Dex: 12    Spells: 0 memorised, 5 levels left

rFire  x . .     SeeInvis .     a - +0 spear
rCold  + . .     Clarity  .     f - +2 scale mail
rNeg   + + +     SustAb   .     (no shield)
rPois  ∞         Gourm    .     (no helmet)
rElec  .         Spirit   .     (no cloak)
rCorr  .         Warding  .     (no gloves)
rMut   .         Stasis   .     (no boots)
MR     .....                    (no amulet)
Stlth  ..........               (no ring)
                                (no ring)

@: not resistant to hostile enchantments, extremely unstealthy
A: no food or potions, fire vulnerability, restore body, cold resistance 1,
negative energy resistance 3, poison resistance, torment resistance, unbreathing
a: no special abilities


You were on level 4 of the Dungeon.
You were not hungry.

You visited 1 branch of the dungeon, and saw 4 of its levels.

You collected 133 gold pieces.

Inventory:

Hand weapons
 a - a +0 spear (weapon)
 c - a +0 club
 i - a +0 hand axe
 k - a +0 spear
 t - a cursed -1 flail
Missiles
 h - 107 stones (quivered)
 j - a throwing net
 l - 13 exploding sling bullets
 n - 20 poisoned needles
 p - 14 sling bullets of flame
 r - 12 arrows
Armour
 f - a +2 scale mail (worn)
Magical devices
 u - a wand of enslavement (9)
 v - a wand of cold (1)
Scrolls
 b - a scroll of remove curse
 d - a scroll of immolation
 e - a scroll of amnesia
 g - a scroll of identify
 m - a scroll of enchant weapon
 o - a scroll of enchant armour
 q - 2 scrolls of fear
 s - 2 scrolls of teleportation


   Skills:
 - Level 1.0 Fighting
 - Level 5.0 Polearms
   Level 1.0 Crossbows
 + Level 1.4 Throwing
 - Level 4.9 Armour
 - Level 1.0 Stealth


You had 5 spell levels left.
You didn't know any spells.

Dungeon Overview and Level Annotations

Branches:
Dungeon (4/15)
 Temple: D:4-7

Altars:
Ashenzari
Elyvilon
Qazlal
Ru


Innate Abilities, Weirdness & Mutations

You do not eat or drink.
Your flesh is vulnerable to fire.
Your flesh is cold resistant.
You are immune to negative energy.
Your system is resistant to poisons.
You are immune to unholy pain and torment.
You can survive without breathing.


Message History

The ogre is moderately wounded.
The ogre barely misses you.
You hit the ogre.
The ogre is moderately wounded.
The ogre closely misses you.
You closely miss the ogre.
The ogre is moderately wounded.
You hit the ogre.
The ogre is heavily wounded.
The ogre hits you with a giant club.
You hit the ogre.
The ogre is severely wounded.
The ogre hits you with a giant club!!
Ouch! That really hurt!
You hit the ogre.
The ogre is severely wounded.
You hit the ogre but do no damage.
The ogre is severely wounded.
The ogre hits you with a giant club!
You die...

##.##.........##.......##...)..
##.....................###.....#
##.................###..........#
#................### ####......##
.a)#....†........# #...†...
..###...(<.......# #..###.. <##
#.##.(((.....# #..# ###
#####..##...###O.# ##.## #
###........## ##@# #..# #
.....##..### #.# #.## #
...#####.# #.## ##.# # ...# #.##
##..# ###..# # #..#
##.#####...####....# ## ##.##
#..>......#.......## ##. #..#
#########..######..####.. ##.#
###.## #####.... ### ##.# #...#


You could see an ogre.

Vanquished Creatures
  2 orc wizards (D:4)
  A worker ant (D:4)
  An orc priest (D:4)
  Jessica (D:2)
  A gnoll (D:1)
  6 adders
  A shadow imp (D:3)
  A giant mite (D:4)
  6 worms
  3 giant geckos
  An ooze (D:1)
  3 orcs (D:4)
  4 bats
  4 giant cockroaches
  8 goblins
  10 hobgoblins
  4 kobolds
  2 quokkas
  A giant newt (D:3)
  11 rats
71 creatures vanquished.

Vanquished Creatures (collateral kills)
  An adder (D:4)
1 creature vanquished.

Grand Total: 72 creatures vanquished

Notes
Turn   | Place    | Note
--------------------------------------------------------------
     0 | D:1      | Iskender, the Mummy Wanderer, began the quest for the Orb.
     0 | D:1      | Iskender set off with: a +2 scale mail, a +0 club
     0 | D:1      | Reached XP level 1. HP: 15/15 MP: 1/1
   136 | D:1      | Reached skill level 1 in Polearms
   152 | D:1      | Reached XP level 2. HP: 11/21 MP: 2/2
   518 | D:1      | Reached XP level 3. HP: 19/26 MP: 3/3
   621 | D:2      | Noticed Jessica
   756 | D:2      | Found a white marble altar of Elyvilon.
  1033 | D:2      | Found a sacrificial altar of Ru.
  1080 | D:2      | Killed Jessica
  1080 | D:2      | Reached XP level 4. HP: 25/32 MP: 4/4
  1644 | D:3      | Found a stormy altar of Qazlal.
  1685 | D:3      | Found a shattered altar of Ashenzari.
  1909 | D:3      | Reached XP level 5. HP: 34/37 MP: 5/5
  2308 | D:4      | HP: 1/37 [something (2)]
  2835 | D:4      | Reached XP level 6. HP: 17/43 MP: 6/6
  3061 | D:4      | Reached skill level 5 in Polearms
  3211 | D:4      | Noticed a centaur
  3496 | D:4      | Noticed an ogre
  3570 | D:4      | Slain by an ogre

Action                   |  1- 3 |  4- 6 || total
-------------------------+-------+-------++-------
Melee: Spear             |   122 |   391 ||   513
       Club              |     8 |       ||     8
Throw: Stone             |       |     9 ||     9
       Javelin           |       |     2 ||     2
Evoke: Wand              |       |     4 ||     4
  Use: Scroll            |       |     8 ||     8
